 Dungeon Crawl Stone Soup version 0.24.0-37-gcf1ca852f1 (webtiles) character file.

Game seed: 13926155858455122280, levelgen mode: deterministic

10481 PentaManta the Carver (level 11, -3/67 HPs)
             Began as a Formicid Fighter on Dec 6, 2019.
             Was a Follower of Hepliaklqana.
             Slain by a manticore (6 damage)
             ... on level 11 of the Dungeon.
             The game lasted 00:31:37 (10210 turns).

PentaManta the Carver (Formicid Fighter)           Turns: 10210, Time: 00:31:38

Health: -3/67      AC: 15    Str: 25    XL:     11   Next: 93%
Magic:  11/11      EV: 15    Int:  7    God:    Hepliaklqana [*.....]
Gold:   548        SH: 12    Dex: 10    Spells: 10/10 levels left

rFire    . . .     SeeInvis +   K - +2 scimitar
rCold    . . .     Gourm    .   x - +0 shield (curse)
rNeg     . . .     Faith    .   F - +0 steam dragon scales
rPois    .         Spirit   .   (helmet unavailable)
rElec    .         Reflect  .   c - +2 cloak
rCorr    +         Harm     .   (no gloves)
MR       +....                  v - +2 pair of boots
Stlth    +.........             n - amulet of regeneration
HPRegen  0.61/turn              p - ring of resist corrosion
MPRegen  0.12/turn              y - +2 ring of protection

@: very slightly contaminated, invisible
A: permanent stasis, dig shafts and tunnels, four strong arms, reduced essence,
antennae 3
a: Dig, Shaft Self, Recall Ancestor, Ancestor Identity, Renounce Religion


You were on level 11 of the Dungeon.
You worshipped Hepliaklqana.
Hepliaklqana was aware of your devotion.
You were hungry.

You visited 3 branches of the dungeon, and saw 13 of its levels.

You collected 548 gold pieces.

Inventory:

Hand Weapons
 h - a +2 dagger of speed
 A - a +1 long sword of holy wrath
 E - a +3 dagger of freezing
 G - the +3 rapier "Giantslayer" {drain, rF+ rC+}
   (You found it on level 7 of the Dungeon)

   A truly terrible weapon, it drains the life of those it strikes.
   It protects you from fire.
   It protects you from cold.
 H - a +0 rapier of venom
 K - a +2 scimitar (weapon)
 O - a +0 great sword
Missiles
 I - 2 throwing nets (quivered)
Armour
 c - a +2 cloak (worn)
 v - a +2 pair of boots (worn)
 w - a +6 crystal plate armour
 x - a cursed +0 shield (worn)
 F - +0 steam dragon scales (worn)
Jewellery
 n - an amulet of regeneration (around neck)
 p - a ring of resist corrosion (left hand)
 y - a +2 ring of protection (right hand)
Wands
 b - a wand of digging (4)
 t - a wand of disintegration (17)
 u - a wand of acid (15)
 D - a wand of polymorph (10)
 J - a wand of flame (18)
 N - a wand of iceblast (7)
Scrolls
 a - 2 scrolls of enchant weapon
 g - 4 scrolls of identify
 i - a scroll of magic mapping
 k - 2 scrolls of fear
 q - 5 scrolls of remove curse
 r - a scroll of amnesia
 L - a scroll of enchant armour
 M - a scroll of vulnerability {unknown}
Potions
 d - a potion of might
 e - 2 potions of agility
 j - 3 potions of curing
 l - a potion of brilliance
 m - 4 potions of cancellation
 o - 3 potions of lignification
 s - a potion of magic
 z - 2 potions of flight
 B - a potion of mutation
 C - a potion of invisibility
Comestibles
 f - 28 rations


   Skills:
 - Level 3.2 Fighting
 * Level 11.5 Long Blades
 + Level 9.4 Armour
 + Level 7.3 Dodging
 + Level 10.3 Shields


You had 10 spell levels left.
You didn't know any spells.
Your spell library contained the following spells:

 Spells                   Type           Power        Failure   Level  Hunger
 Animate Skeleton         Necr           N/A          43%         1    ##.....
 Apportation              Tloc           #.....       43%         1    ##.....
 Confusing Touch          Hex            #.....       43%         1    ##.....
 Magic Dart               Conj           #...         43%         1    ##.....
 Summon Small Mammal      Summ           #...         43%         1    ##.....
 Searing Ray              Conj           #.....       56%         2    ###....
 Dazzling Spray           Conj/Hex       #.....       80%         3    ####...
 Force Lance              Conj/Tloc      #.......     99%         4    #####..
 Fulminant Prism          Conj/Hex       #.........   99%         4    #####..
 Iskenderun's Mystic Bla  Conj           #.......     99%         4    #####..


Dungeon Overview and Level Annotations

Branches:
Dungeon (11/15)            Temple (1/1) D:4            Lair (0/6) D:11
    Orc (1/2) D:9

Altars:
Ashenzari
Cheibriados
Dithmenos
Elyvilon
Fedhas
Gozag
Hepliaklqana
Kikubaaqudgha
Makhleb
Nemelex Xobeh
Okawaru
Qazlal
Ru
Sif Muna
Trog
Uskayaw
Vehumet
Wu Jian
Xom
Yredelemnul
Zin
The Shining One


Innate Abilities, Weirdness & Mutations

You cannot be hasted, slowed, berserked, paralysed or teleported.
You can dig through walls and to a lower floor.
Your four strong arms can wield two-handed weapons with a shield.
You have a pair of large antennae on your head. (SInv)
Your life essence is reduced to manifest your ancestor. (-10% HP)


Message History

The manticore is lightly wounded.
The centaur shoots an arrow.
The arrow hits the yak.
You block the unseen horror's attack. You block the manticore's attack. x2
The manticore barely misses you.
You hit the manticore.
The manticore is heavily wounded.
The unseen horror hits you!
* * * LOW HITPOINT WARNING * * *
The centaur shoots an arrow.
The arrow hits the leopard gecko!
The leopard gecko dies!
You block the manticore's attack. x2; The manticore barely misses you.
Your +0 rapier of venom stops dripping with poison.
K - a +2 scimitar (weapon)
You block the crimson imp's attack. The unseen horror misses you.
You hit the manticore but do no damage.
The manticore is heavily wounded.
The unseen horror barely misses you. The manticore bites you!
* * * LOW HITPOINT WARNING * * *
You block the manticore's attack. The manticore claws you.
You die...

##....### ###### ######
##.#### #
#....####....####....## ...
......##......##......##.....
..R#.......#.......#.......#
.####....####....####....###
.####....####....####....#
..#....†..#....x..#.......#
......##......##@5....##....
.....####....####HY..## #..(.
.#..#.##.##### ##c### ###+
.#..##..## #####.# #
+#####..# #.(.).# . ####
#.##### . ### ###.# . #..
#...# . #..##†..# .


You could see a manticore, a yak, an unseen horror (invisible), a centaur and a
crimson imp.

Vanquished Creatures
  3 two-headed ogres
  An unseen horror (D:11)
  Pikel (D:5)
  An ugly thing (D:11)
  A troll (D:9)
  A hippogriff (D:9)
  Sigmund (D:6)
  A wyvern (D:11)
  2 yaks (D:10)
  A steam dragon (D:7)
  4 phantoms
  3 sky beasts
  4 orc warriors
  4 ice beasts
  A black bear (D:6)
  A necrophage (D:11)
  2 ogres
  5 centaurs
  Blork the orc (D:5)
  A big kobold (D:6)
  4 bullfrogs
  A gnoll sergeant (D:10)
  6 scorpions
  3 killer bees (D:7)
  10 wights
  A howler monkey (D:8)
  3 crimson imps
  2 bullfrog zombies
  2 centaur zombies
  4 hounds
  2 gnoll shamans
  7 orc priests
  4 jellies
  3 bullfrog skeletons
  10 orc wizards
  Crazy Yiuf (D:6)
  8 worker ants
  5 hound zombies
  2 hound skeletons
  A howler monkey zombie (D:11)
  Robin (D:1)
  A worker ant zombie (D:5)
  15 gnolls
  12 adders
  2 shadow imps
  5 oozes
  3 adder zombies
  An adder skeleton (D:9)
  3 worms
  4 dart slugs
  9 leopard geckos
  25 orcs
  2 ball pythons
  A giant cockroach (D:5)
  18 goblins
  11 hobgoblins
  10 jackals
  7 bats
  6 frilled lizards
  11 kobolds
  A leopard gecko zombie (D:5)
  A quokka skeleton (D:9)
  A quokka zombie (D:5)
  7 rats
275 creatures vanquished.

Vanquished Creatures (collateral kills)
  A hornet (D:9)
  A yak (D:10)
  A wyvern (D:11)
  A black bear (D:11)
  A phantom (D:9)
  A big kobold (D:9)
  A bullfrog (D:9)
  A wyvern zombie (D:10)
  A crimson imp (D:11)
  A centaur skeleton (D:11)
  3 orcs
13 creatures vanquished.

Vanquished Creatures (others)
  A water moccasin zombie (D:5)
  4 ancestors
  A leopard gecko (D:11)
  2 fungi (D:11)
8 creatures vanquished.

Grand Total: 296 creatures vanquished

Notes
Turn   | Place    | Note
-------+----------+-------------------------------------------
     0 | D:1      | PentaManta the Formicid Fighter began the quest for the
                  | Orb.
     0 | D:1      | Reached XP level 1. HP: 18/18 MP: 1/1
   265 | D:1      | Reached XP level 2. HP: 24/24 MP: 2/2
   547 | D:1      | Reached XP level 3. HP: 18/29 MP: 3/3
   964 | D:1      | Reached skill level 1 in Dodging
  1184 | D:1      | Reached XP level 4. HP: 35/35 MP: 4/4
  1185 | D:1      | Reached skill level 3 in Long Blades
  1395 | D:2      | Noticed Robin
  1463 | D:1      | Killed Robin
  1793 | D:2      | Reached XP level 5. HP: 18/41 MP: 5/5
  2128 | D:2      | Found a burning altar of Makhleb.
  2318 | D:3      | Found a white marble altar of Elyvilon.
  2936 | D:3      | Reached XP level 6. HP: 47/47 MP: 6/6
  2938 | D:3      | Reached skill level 4 in Long Blades
  3177 | D:4      | Noticed a phantom
  3214 | D:4      | Killed a phantom
  3214 | D:4      | Reached skill level 5 in Shields
  3264 | D:4      | Found a staircase to the Ecumenical Temple.
  3351 | Temple   | Entered the Ecumenical Temple
  3687 | D:3      | Reached XP level 7. HP: 46/52 MP: 7/7
  3966 | D:5      | Entered Level 5 of the Dungeon
  3982 | D:4      | Reached skill level 5 in Long Blades
  4023 | D:5      | Noticed Blork the orc
  4046 | D:5      | Killed Blork the orc
  4046 | D:5      | Reached skill level 5 in Armour
  4159 | D:5      | Found an opulent altar of Gozag.
  4205 | D:5      | Noticed Pikel
  4257 | D:5      | Killed Pikel
  4257 | D:5      | Reached skill level 6 in Long Blades
  4257 | D:5      | Reached XP level 8. HP: 57/58 MP: 8/8
  4619 | D:5      | Reached XP level 9. HP: 64/64 MP: 9/9
  4950 | D:6      | Reached skill level 7 in Long Blades
  5159 | D:6      | Found a shadowy altar of Dithmenos.
  5181 | D:6      | Noticed Sigmund
  5192 | D:6      | Killed Sigmund
  5381 | D:6      | Found a shattered altar of Ashenzari.
  5423 | D:6      | Found a runed translucent door.
  5424 | D:6      | Noticed Crazy Yiuf
  5428 | D:6      | Killed Crazy Yiuf
  5781 | D:7      | Reached skill level 8 in Long Blades
  5973 | D:5      | Reached skill level 5 in Dodging
  6259 | D:7      | Got a smoking rapier
  6260 | D:7      | Identified the +3 rapier "Giantslayer" {drain, rF+ rC+}
                  | (You found it on level 7 of the Dungeon)
  6378 | D:7      | Reached XP level 10. HP: 56/70 MP: 10/10
  6989 | D:8      | Reached skill level 9 in Long Blades
  7714 | D:8      | Found a shimmering blue altar of Sif Muna.
  7875 | D:9      | Found a hazy altar of Hepliaklqana.
  7896 | D:9      | Noticed a two-headed ogre
  7944 | D:9      | Killed a two-headed ogre
  7957 | D:9      | Became a worshipper of Hepliaklqana the Forgotten
  8056 | D:9      | Reached skill level 10 in Long Blades
  8226 | D:9      | Reached XP level 11. HP: 67/67 MP: 11/11
  8259 | D:9      | Found a staircase to the Orcish Mines.
  8345 | D:9      | Found a glowing golden altar of the Shining One.
  8940 | Orc:1    | Entered Level 1 of the Orcish Mines
  8969 | D:10     | Entered Level 10 of the Dungeon
  9533 | D:10     | Reached * piety under Hepliaklqana
  9739 | D:11     | Noticed a two-headed ogre
  9760 | D:11     | Killed a two-headed ogre
  9760 | D:11     | Reached skill level 11 in Long Blades
  9858 | D:11     | Reached skill level 10 in Shields
  9921 | D:11     | Found a staircase to the Lair.
 10068 | D:11     | Noticed a red ugly thing
 10081 | D:11     | Killed a red ugly thing
 10156 | D:11     | Noticed a manticore
 10156 | D:11     | Noticed a two-headed ogre
 10156 | D:11     | Noticed an unseen horror
 10174 | D:11     | Noticed an unseen horror
 10186 | D:11     | Killed an unseen horror
 10194 | D:11     | Killed a two-headed ogre
 10210 | D:11     | HP: 3/67 [manticore (17)]
 10210 | D:11     | Slain by a manticore

Levels and vault maps discovered:
D:1:      scummos_arrival_simple_fountains, layout_loops_ring,
          minmay_heptomino_o4
D:2:      layout_rooms, makhleb_blood_cavern_becter, serial_bayou_ford_a,
          hex_medium, uniq_robin
D:3:      layout_loops_ring, lemuel_round_altar
D:4:      layout_rooms, temple_green
D:5:      layout_basic, lemuel_crystal_altar, cheibrodos_sewer_entry_drain,
          first_ration, st_stairs_8, uniq_blork_the_orc, uniq_pikel
D:6:      layout_loops_ring, overflow_temple_1_default,
          ashenzari_conservatory_becter, uniq_crazy_yiuf_cottage, uniq_sigmund
D:7:      layout_rooms, ebering_dispersal_statue_hall
D:8:      layout_cave_pools, led_sif_pool
D:9:      layout_basic, kennysheep_mini, tso_altar, orc_0_dummy,
          blue_anna_alchemist [blue_anna_fruit_fields, blue_anna_fruit_fields]
D:10:     layout_roguey
D:11:     wad_guarded_room, layout_cave_pods, grunt_lair_entry_orc_guard_hut,
          special_room [special_room_orc], serial_undead, serial_undead_f,
          serial_undead_b, serial_undead_a, serial_undead_d, serial_undead_e,
          serial_undead_f
Temple:   eino_temple_water
Orc:1:    layout_caves, serial_shops, nicolae_shop_trees

Skill      XL: |  1  2  3  4  5  6  7  8  9 10 11 |
---------------+----------------------------------+-----
Shields        | 4 5 6 7 9 10 | 10.3
Dodging        | 1 2 3 4 5 6 7 |  7.3
Long Blades    | 3 4 6 8 10 11 | 11.5
Armour         | 4 5 7 8 9 |  9.4
Fighting       | |  3.2

Action                   |  1- 3 |  4- 6 |  7- 9 | 10-12 || total
-------------------------+-------+-------+-------+-------++-------
Melee: Long sword        |    56 |    42 |       |       ||    98
       Short sword       |    27 |    32 |       |       ||    59
       Dagger            |    25 |    81 |       |       ||   106
       Scimitar          |       |    86 |   371 |   603 ||  1060
       Rapier            |       |       |       |     5 ||     5
Throw: Throwing net      |       |       |     1 |     1 ||     2
Invok: Ancestor Identity |       |       |       |     1 ||     1
 Abil: Dig               |       |       |     6 |       ||     6
Evoke: Wand              |       |       |       |     2 ||     2
  Use: Potion            |       |     1 |       |     5 ||     6
       Scroll            |       |    12 |     7 |     8 ||    27
 Stab: Sleeping          |       |       |       |     1 ||     1
  Eat: Chunk             |       |     9 |     7 |     9 ||    25
       Ration            |       |       |     1 |     1 ||     2
Armor: Scale mail        |    53 |    78 |    96 |    60 ||   287
       Steam dragon scal |       |       |       |    97 ||    97
Dodge: Dodged            |    38 |   101 |   143 |   263 ||   545
Block: Shield            |    43 |   130 |   205 |   355 ||   733
       Rpst.: Long sword |     3 |     6 |       |       ||     9
       Scimitar          |       |    11 |    45 |    65 ||   121
